 Dungeon Crawl Stone Soup version 0.30-a0-782-ge64f9170bb (webtiles) character file.

Game seed: 17529368059244122109

108 Crownlay the Poker (level 4, -2/38 HPs)
             Began as a Minotaur Gladiator on Feb 28, 2023.
             Slain by an ice beast (8 damage)
             ... on level 6 of the Dungeon.
             The game lasted 00:02:14 (2402 turns).

Crownlay the Poker (Minotaur Gladiator)             Turns: 2402, Time: 00:02:15

Health: -2/38      AC:  3    Str: 18    XL:     4   Next: 58%
Magic:  3/3        EV: 12    Int:  7    God:
Gold:   152        SH:  0    Dex: 12    Spells: 3/3 levels left

rFire   . . .      SeeInvis .    a - +0 trident
rCold   . . .      Faith    .    (no shield)
rNeg    + . .      Spirit   .    b - +0 leather armour
rPois   .          Reflect  .    c - +0 hat
rElec   .          Harm     .    (no cloak)
rCorr   .          Rampage  .    (no gloves)
Will    .....                    (no boots)
Stlth   +                        (no amulet)
HPRegen 0.26/turn                y - ring of positive energy
MPRegen 0.08/turn                (no ring)

@: no status effects
A: horns 2, retaliatory headbutt
a: no special abilities


You were on level 6 of the Dungeon.
You visited 1 branch of the dungeon, and saw 4 of its levels.

You collected 152 gold pieces.

Inventory:

Hand Weapons
 a - a +0 trident (weapon)
Missiles
 d - 3 throwing nets (quivered)
 e - a javelin
Armour
 b - a +0 leather armour (worn)
 c - a +0 hat (worn)
Jewellery
 y - a ring of positive energy (left hand)
Scrolls
 f - a scroll of noise {unknown}
 k - 2 scrolls of teleportation
 l - a scroll of vulnerability {unknown}
 n - a scroll of magic mapping {unknown}
 r - 2 scrolls of enchant armour
 t - a scroll of poison {unknown}
 u - a scroll of brand weapon {unknown}
 v - 2 scrolls of fear
 w - 3 scrolls of fog
 x - a scroll of silence {unknown}
Potions
 g - 2 potions of mutation {unknown}
 i - a potion of brilliance {unknown}
 j - a potion of flight {unknown}
 m - 2 potions of heal wounds {unknown}
 o - 2 potions of lignification {unknown}
 p - a potion of degeneration {unknown}
 q - a potion of ambrosia {unknown}
 s - a potion of invisibility {unknown}


   Skills:
 + Level 3.5 Fighting
 * Level 5.3 Polearms
 - Level 2.0 Throwing
 - Level 3.2 Dodging
 + Level 2.3 Shields


You had 3 spell levels left.
You didn't know any spells.
Your spell library contained the following spells:

 Spells                   Type           Power      Damage    Failure   Level
 Magic Dart               Conj           0%         1d3       50%         1
 Call Imp                 Summ           0%         N/A       63%         2
 Static Discharge         Conj/Air       0%         2-2/arc   63%         2
 Mephitic Cloud           Conj/Pois/Air  0%         N/A       86%         3
 Vhi's Electric Charge    Tloc/Air       0%         N/A       86%         3
 Petrify                  Tmut/Erth      0%         N/A       99%         4
 Arcjolt                  Conj/Air       0%         1d10      100%        5
 Lightning Bolt           Conj/Air       0%         1d11      100%        5
 Metabolic Englaciation   Hex/Ice        0%         N/A       100%        5
 Statue Form              Tmut/Erth      0%         N/A       100%        6


Dungeon Overview and Level Annotations

Branches:
Dungeon (3/15)

Altars:


Innate Abilities, Weirdness & Mutations

You have a pair of horns on your head.
You reflexively headbutt those who attack you in melee.


Message History

You now have 152 gold pieces (gained 14).
An ice beast comes into view.
You reach to attack!
You barely miss the ice beast. You barely miss the ice beast.
The ice beast hits you but does no damage.
You barely miss the ice beast. The ice beast closely misses you.
You closely miss the ice beast.
The ice beast hits you but does no damage.
You hit the ice beast but do no damage. The ice beast hits you.
The ice beast freezes you!
You hit the ice beast.
The ice beast is lightly wounded.
The ice beast hits you but does no damage.
You hit the ice beast but do no damage. The ice beast barely misses you.
You closely miss the ice beast.
The ice beast hits you but does no damage.
You barely miss the ice beast.
The ice beast hits you but does no damage.
You closely miss the ice beast. Your headbutt misses the ice beast.
The ice beast hits you. The ice beast freezes you!
You closely miss the ice beast. The ice beast misses you.
You furiously retaliate!
You headbutt the ice beast! You completely miss the ice beast.
The ice beast is moderately wounded.
The ice beast hits you. The ice beast freezes you!
* * * LOW HITPOINT WARNING * * *
You are too injured to fight recklessly!
You are too injured to fight recklessly!
You are too injured to fight recklessly!
You are too injured to fight recklessly!
You are too injured to fight recklessly!
You closely miss the ice beast. You headbutt the ice beast.
The ice beast is heavily wounded.
The ice beast hits you but does no damage.
You closely miss the ice beast.
The ice beast is heavily wounded.
The ice beast barely misses you. The ice beast hits you.
* * * LOW HITPOINT WARNING * * *
The ice beast freezes you!
You die...

#....# #.# .#
#.#### #.# .#
#.######.##.#
#....>......#
#.##........#
#.##.###.#.#
#....).....# #
#)##.###...#.####.
#.##.# #..@.......
#.##.##..#Y#.#####
#.##.##.##.#.#
#.##.##. #.# #
#.##.##. #.#
#....... ..# ###


You could see an ice beast.

Vanquished Creatures
  A gnoll (D:1)
  5 adders
  2 dart slugs
  An orc (D:3)
  6 ball pythons
  6 bats
  4 endoplasms
  A giant cockroach (D:1)
  5 goblins
  3 hobgoblins (D:1)
  4 kobolds
  2 quokkas (D:1)
  4 frilled lizards
  4 rats
48 creatures vanquished.

Notes
Turn   | Place    | Note
-------+----------+-------------------------------------------
     0 | D:1      | Crownlay the Minotaur Gladiator began the quest for the
                  | Orb.
     0 | D:1      | Reached XP level 1. HP: 18/18 MP: 0/0
   180 | D:1      | Reached skill level 4 in Polearms
   180 | D:1      | Reached XP level 2. HP: 25/25 MP: 1/1
   248 | D:1      | Reached skill level 1 in Shields
   345 | D:1      | Reached XP level 3. HP: 27/31 MP: 2/2
  2016 | D:3      | Reached skill level 5 in Polearms
  2016 | D:3      | Reached XP level 4. HP: 35/38 MP: 3/3
  2363 | D:3      | You fall into a shaft and drop 3 floors!
  2385 | D:6      | Noticed an ice beast
  2402 | D:6      | Slain by an ice beast

Illustrated notes

Levels and vault maps discovered:
D:1:      minmay_arrival_four_loops, layout_basic, minmay_vboxes
D:2:      layout_basic
D:3:      layout_loops_corners
D:6:      layout_loops_ring

Skill      XL: |  1  2  3 |
---------------+----------+-----
Polearms       | 4 5 |  5.3
Shields        | 1 2 |  2.3
Fighting       | 3 |  3.5
Throwing       | |  2.0
Dodging        | |  3.2

Action                     |  1- 3 |  4- 6 || total
---------------------------+-------+-------++-------
  Melee: Trident           |    96 |    30 ||   126
         Headbutt          |     9 |     5 ||    14
    Use: Scroll            |     1 |     3 ||     4
   Stab: Sleeping          |     1 |       ||     1
 Armour: Leather armour    |    21 |     9 ||    30
  Dodge: Dodged            |    60 |    11 ||    71

Table legend: (Time is in decaauts)
 A = Elapsed time spent in this place.
 B = Non-inter-level travel time spent in this place.
 C = Inter-level travel time spent in this place.
 D = Time resting spent in this place.
 E = Time spent auto-exploring this place.
 F = Levels seen in this place.
 G = Mean time per level.
                   A        B        C        D        E       F      G
               +--------+--------+--------+--------+--------+-----+--------+
         Total |   2409 |   2365 |     44 |      0 |   2040 |   4 |  602.2 |
       Dungeon |   2409 |   2365 |     44 |      0 |   2040 |   4 |  602.2 |
               +--------+--------+--------+--------+--------+-----+--------+

Top non-repeatable levels by time:
     D:1: 951 daAuts
     D:2: 748 daAuts
     D:3: 671 daAuts
     D:6: 38 daAuts
